 Dungeon Crawl Stone Soup version 0.28.0 (webtiles) character file.

Game seed: 5420791642876779006

34 Bricks the Vexing (level 3, -6/28 HPs)
             Began as a Gnoll Arcane Marksman on Feb 7, 2022.
             Mangled by Sigmund (12 damage)
             ... on level 2 of the Dungeon.
             The game lasted 00:04:55 (977 turns).

Bricks the Vexing (Gnoll Arcane Marksman)            Turns: 977, Time: 00:04:55

Health: -6/28      AC:  3    Str: 11    XL:     3   Next: 31%
Magic:  7/7        EV: 13    Int: 12    God:
Gold:   67         SH:  0    Dex: 12    Spells: 6/7 levels left

rFire   . . .      SeeInvis .   a - +0 spear
rCold   . . .      Faith    .   (no shield)
rNeg    . . .      Spirit   .   d - +0 robe
rPois   .          Reflect  .   (no helmet)
rElec   .          Harm     .   e - +0 cloak
rCorr   .          Rampage  .   (no gloves)
Will    .....                   (no boots)
Stlth   +.........              (no amulet)
HPRegen 0.09/turn               (no ring)
MPRegen 0.10/turn               (no ring)

@: no status effects
A: fangs 1, strong nose, distributed training
a: no special abilities


You were on level 2 of the Dungeon.
You visited 1 branch of the dungeon, and saw 2 of its levels.

You collected 67 gold pieces.

Inventory:

Hand Weapons
 a - a +0 spear (weapon)
 b - a +0 shortbow
Missiles
 c - 8 arrows
Armour
 d - a +0 robe (worn)
 e - a +0 cloak (worn)
Scrolls
 f - a scroll of enchant armour {unknown}
 g - a scroll of holy word {unknown}
Potions
 h - a potion of heal wounds {unknown}
 i - a potion of cancellation {unknown}


   Skills:
 + Level 2.6 Fighting
 + Level 0.7 Short Blades
 + Level 0.7 Long Blades
 + Level 0.7 Axes
 + Level 0.7 Maces & Flails
 + Level 0.7 Polearms
 + Level 0.7 Staves
 + Level 0.7 Slings
 + Level 4.5 Bows
 + Level 0.7 Crossbows
 + Level 0.7 Throwing
 + Level 0.7 Armour
 + Level 4.5 Dodging
 + Level 0.7 Stealth
 + Level 0.7 Shields
 + Level 0.7 Unarmed Combat
 + Level 2.8 Spellcasting
 + Level 0.5 Conjurations
 + Level 5.4 Hexes
 + Level 0.5 Summonings
 + Level 0.5 Necromancy
 + Level 0.5 Translocations
 + Level 0.5 Transmutations
 + Level 0.5 Fire Magic
 + Level 0.5 Ice Magic
 + Level 0.5 Air Magic
 + Level 0.5 Earth Magic
 + Level 0.5 Poison Magic
 + Level 0.9 Invocations
 + Level 0.7 Evocations


You had 6 spell levels left.
You knew the following spells:

 Your Spells              Type           Power      Damage    Failure   Level
a - Slow                  Hex            56%        N/A       2%          1

Your spell library contained the following spells:

 Spells                   Type           Power      Damage    Failure   Level
 Inner Flame              Hex/Fire       8%         N/A       22%         3
 Portal Projectile        Hex/Tloc       16%        N/A       22%         3
 Cause Fear               Hex            7%         N/A       26%         4


Dungeon Overview and Level Annotations

Branches:
Dungeon (2/15)

Altars:

Annotations:
D:2 Sigmund


Innate Abilities, Weirdness & Mutations

You have very sharp teeth.
Your uncanny sense of smell can sniff out nearby items.
Your experience applies equally to all skills.


Message History

You reach to attack!
You barely miss Sigmund.
Sigmund is lightly wounded.
Sigmund barely misses you.
You reach to attack!
You hit Sigmund.
Sigmund is moderately wounded.
You reach to attack!
You completely miss Sigmund.
Sigmund is moderately wounded.
Sigmund closely misses you.
A goblin comes into view. It is wielding a +0 dagger.
You reach to attack!
The goblin shouts!
You hit Sigmund but do no damage.
Sigmund is moderately wounded.
You reach to attack!
You closely miss Sigmund.
Sigmund is moderately wounded.
Sigmund misses you.
You reach to attack!
You hit Sigmund.
Sigmund is moderately wounded.
You reach to attack!
You hit Sigmund.
Sigmund is moderately wounded.
Sigmund casts a spell at you.
You are confused.
You are too confused!
You are too confused!
You are too confused!
You're too confused to move!
Sigmund barely misses you.
You bump into the closed door.
Sigmund is no longer moving slowly.
The goblin barely misses you.
Sigmund hits you with a +5 scythe of venom!
The goblin closely misses you.
You are too injured to fight recklessly!
You feel less confused.
Sigmund mumbles some strange words.
Sigmund flickers and vanishes!
Deactivating autopickup; reactivate with Ctrl-A.
The goblin hits you with a +0 dagger.
* * * LOW HITPOINT WARNING * * *
Something hits you!
You die...

....................
##.#.#........#####.
# #.#........# #.
#.#.#........# #.
#.#.#........#####'
.............#.....
##
.#.###.######.....
###<#+#.....# #.....
#.....@###### #.....
#....g.# #.....
...'...{..# ######
####......)..
.............
#..(..........
#.(...........
########
#(....#.......
#....... #.....
....... #.......


You could see a goblin.

Vanquished Creatures
  2 worms (D:2)
  3 ball pythons
  4 bats
  3 goblins
  4 hobgoblins
  3 jackals (D:1)
  2 kobolds
  A quokka (D:2)
  3 frilled lizards
  A rat (D:2)
26 creatures vanquished.

Notes
Turn   | Place    | Note
-------+----------+-------------------------------------------
     0 | D:1      | Bricks the Gnoll Arcane Marksman began the quest for the
                  | Orb.
     0 | D:1      | Reached XP level 1. HP: 17/17 MP: 4/4
   246 | D:1      | Reached XP level 2. HP: 23/23 MP: 5/5
   824 | D:2      | Reached XP level 3. HP: 26/28 MP: 7/7
   954 | D:2      | Noticed Sigmund
   977 | D:2      | Mangled by Sigmund

Illustrated notes

Levels and vault maps discovered:
D:1:      minmay_arrival_diagonal_passages, layout_basic
D:2:      layout_basic, serial_shops, nicolae_shop_statue_plus, uniq_sigmund

Action                   || total
-------------------------++-------
Melee: Spear             ||    26
       Bite              ||     2
 Fire: Shortbow          ||    62
 Cast: Slow              ||     3
Armor: Robe              ||     2
Dodge: Dodged            ||    20
